Map: Dusty Gorge

Players

DollarsCZ

  • Race: Protoss Protoss
  • League: Silver
  • Spawn Location: 5:00

МОЧЕНОСЕЦ

  • Race: Terran Terran
  • League: Silver
  • Spawn Location: 3:00

ILIEKEGGPIE

  • Race: Protoss Protoss
  • League: Platinum
  • Spawn Location: 11:00

STARGHOST

  • Race: Terran Terran
  • Spawn Location: 9:00

VOD

Have the link to the VOD?

Description

Time

  • Played on: May 1, 2018, 2:41 p.m.
  • Length: 8:07
Show
View Real Time Build Order
Export as new Build Order

DollarsCZ Protoss 

Build Orders: 1 Gate Expand 

Get SALT Encoding   

  12  0:01  Probe  
  13  0:14  Probe  
  14  0:19  Pylon  
  14  0:26  Probe  
  15  0:38  Gateway  
  15  0:39  Probe  
  16  0:47  Probe  
  16  0:51  Assimilator  
  16  0:55  Probe  
  18  1:06  Probe  
  19  1:14  Probe  
  20  1:32  Nexus  
  20  1:43  Cybernetics Core  
  20  1:48  Pylon  
  20  1:53  Assimilator  
  20  2:07  Gateway  
  20  2:10  Probe  
  21  2:18  Probe  
  21  2:20  Warp Gate  
  22  2:26  Robotics Facility  
  22  2:37  Probe  
  22  2:39  Stalker  
  25  2:50  Gateway  
  25  2:55  Stalker, Probe  
  27  3:03  Probe  
  27  3:04  Probe  
  30  3:22  Immortal  
  30  3:23  Probe  
  34  3:28  Probe  
  36  3:34  Sentry  
  36  3:37  Stalker  
  40  3:42  Stalker  
  40  3:44  Probe  
  43  3:51  Probe  
  44  4:10  Pylon  
  44  4:14  Pylon x2  
  44  4:23  Gateway, Twilight Council  
  44  4:24  Immortal  
  44  4:25  Pylon  
  44  4:37  Probe  
  49  4:39  Probe  
  49  4:45  Stalker  
  52  4:47  Sentry  
  54  4:52  Stalker  
  54  4:55  Probe  
  58  5:00  Probe  
  58  5:05  Assimilator  
  58  5:07  Assimilator  
  58  5:16  Charge  
  53  5:30  Probe  
  53  5:34  Probe  
  53  5:41  Probe  
  53  5:45  Probe  
  55  5:53  Probe  
  55  5:55  Probe  
  56  6:01  Stalker x3  
  63  6:13  Gateway  
  63  6:18  Stalker, Gateway  
  65  6:19  Gateway  
  65  6:24  Zealot, Probe  
  65  6:25  Zealot  
  69  6:28  Probe  
  69  6:32  Probe  
  71  6:38  Stalker  
  74  6:40  Probe  
  74  6:42  Probe  
  72  7:00  Stalker x3  
  78  7:07  Pylon x2  
  70  7:37  Stalker x5  
  70  7:38  Stalker  
  70  7:43  Probe  
  80  7:47  Probe  
  80  7:51  Probe  
  83  8:00  Zealot x3  
  83  8:01  Zealot x2  
Show
View Real Time Build Order
Export as new Build Order

МОЧЕНОСЕЦ Terran 

Build Orders: Reaper Expand, MMM Bio 

Get SALT Encoding   

  12  0:01  SCV  
  13  0:15  Supply Depot  
  13  0:19  SCV  
  14  0:31  SCV  
  15  0:38  Barracks  
  15  0:49  Supply Depot, SCV  
  16  1:01  SCV  
  16  1:02  Refinery  
  17  1:08  Refinery  
  17  1:13  SCV  
  18  1:32  Orbital Command  
  18  1:40  Reaper  
  19  2:06  Command Center  
  19  2:09  SCV  
  20  2:18  Barracks Tech Lab  
  20  2:21  SCV  
  21  2:28  Factory  
  21  2:33  SCV  
  22  3:04  SCV  
  22  3:13  Stimpack  
  22  3:15  Factory Reactor  
  22  3:16  SCV  
  23  3:26  Engineering Bay  
  23  3:34  Barracks x2  
  23  3:37  SCV  
  23  3:38  Barracks  
  23  3:39  Orbital Command  
  24  3:52  Cyclone  
  24  3:55  Cyclone  
  30  4:00  Missile Turret  
  30  4:06  Missile Turret  
  30  4:11  SCV  
  30  4:12  SCV  
  32  4:23  SCV  
  33  4:24  SCV  
  33  4:27  Cyclone  
  37  4:34  Cyclone  
  37  4:37  SCV x2  
  42  4:48  Supply Depot  
  42  4:49  Supply Depot, SCV x2  
  44  5:01  SCV x2  
  46  5:10  Hellion x2  
  46  5:12  Supply Depot  
  46  5:14  Supply Depot, Combat Shields  
  50  5:17  Barracks Reactor  
  50  5:18  Barracks Reactor  
  50  5:24  Barracks Reactor  
  50  5:46  Cyclone x2  
  50  5:48  SCV x2  
  58  5:57  Marine x2  
  58  5:58  Marine  
  58  6:00  SCV  
  58  6:04  Starport, Marine x2  
  62  6:05  Marine  
  62  6:07  Command Center  
  65  6:18  Marine x3  
  67  6:19  Marine  
  67  6:21  Marine  
  70  6:27  Marine x2  
  72  6:33  Supply Depot  
  72  6:35  Supply Depot  
  72  6:36  Marine  
  73  6:41  Medivac  
  73  6:46  Marine x3  
  78  6:54  Marine x2  
  76  7:03  Marine x3  
  76  7:04  Marine x2  
  81  7:11  Medivac  
  70  7:40  Marine x5  
  70  7:41  Marine x2  
Show
View Real Time Build Order
Export as new Build Order

ILIEKEGGPIE Protoss 

Build Orders: Double Forge 

Get SALT Encoding   

  12  0:01  Probe  
  13  0:13  Probe  
  14  0:22  Pylon  
  14  0:27  Probe  
  15  0:40  Probe  
  16  0:46  Gateway  
  16  0:52  Probe  
  16  0:55  Assimilator  
  17  1:00  Assimilator  
  17  1:04  Probe  
  18  1:08  Pylon  
  18  1:15  Probe  
  19  1:23  Gateway  
  19  1:33  Cybernetics Core  
  19  1:34  Probe  
  20  1:45  Probe  
  21  1:53  Probe  
  22  2:02  Warp Gate  
  22  2:10  Stalker x2  
  26  2:26  Probe  
  27  2:39  Nexus  
  26  3:09  Stalker  
  28  3:21  Stalker  
  30  3:35  Robotics Facility  
  30  3:41  Pylon  
  30  3:52  Stalker  
  32  3:59  Probe x2  
  34  4:11  Probe x2  
  36  4:17  Observer  
  36  4:23  Probe x2  
  39  4:35  Probe  
  40  4:39  Forge  
  40  4:42  Forge  
  40  4:47  Probe, Pylon  
  40  4:49  Twilight Council  
  41  4:55  Observer, Probe  
  42  5:04  Probe  
  42  5:05  Probe  
  44  5:07  Sentry x2  
  44  5:12  Protoss Ground Armor Level 1  
  49  5:14  Probe  
  49  5:16  Probe  
  51  5:21  Protoss Ground Weapons Level 1  
  51  5:22  Probe  
  51  5:28  Probe  
  53  5:32  Probe  
  54  5:37  Assimilator  
  54  5:40  Charge, Probe  
  54  5:42  Assimilator  
  55  5:44  Probe  
  56  5:54  Dark Shrine  
  56  6:03  Gateway  
  56  6:07  Gateway  
  56  6:10  Gateway  
  56  6:15  Gateway  
  56  6:19  Gateway  
  56  6:20  Probe  
  56  6:21  Probe  
  58  6:33  Probe  
  59  6:41  Probe  
  59  6:45  Pylon, Probe  
  61  6:53  Probe  
  62  6:56  Pylon, Warp Prism  
  62  6:59  Pylon  
  64  7:08  Dark Templar  
  64  7:09  Dark Templar x2  
  70  7:19  Stalker  
  70  7:20  Stalker  
  60  7:38  Stalker  
  60  7:39  Stalker  
Show
View Real Time Build Order
Export as new Build Order

STARGHOST Terran 

Build Orders:  

Get SALT Encoding   

  12  0:01  SCV  
  13  0:13  SCV  
  14  0:21  Supply Depot  
  14  0:26  SCV  
  15  0:33  Refinery  
  15  0:42  SCV  
  16  0:48  Barracks  
  16  0:54  SCV  
  17  1:07  SCV  
  18  1:19  SCV  
  19  1:31  SCV  
  20  1:36  Refinery  
  20  1:37  Supply Depot, Marine  
  21  1:43  SCV  
  22  2:10  Command Center  
  22  2:13  Factory  
  22  2:14  Marine  
  23  2:20  SCV  
  24  2:32  Marine  
  25  2:39  SCV  
  26  2:50  Marine  
  27  3:10  Factory Reactor  
  27  3:13  Starport  
  27  3:22  Barracks Reactor  
  27  3:25  Orbital Command  
  27  3:27  SCV  
  27  3:31  Refinery  
  28  3:39  SCV  
  29  3:44  Starport  
  29  3:52  Cyclone x2  
  36  4:01  Medivac  
  37  4:11  Supply Depot, Marine x2  
  39  4:24  Starport Tech Lab  
  39  4:25  Engineering Bay  
  39  4:28  SCV  
  40  4:31  Marine  
  41  4:40  SCV x2  
  43  4:52  SCV x2, Raven  
  47  4:53  Starport Reactor  
  47  4:55  Marine  
  47  4:58  Marine  
  49  5:04  SCV  
  50  5:29  Liberator  
  50  5:42  Cyclone x2  
  48  5:48  Marine x2  
  53  5:54  Factory  
  53  5:57  SCV  
  53  6:04  Refinery  
  54  6:12  Supply Depot  
  54  6:28  Missile Turret  
  54  6:32  Factory  
  54  6:33  SCV, Viking  
  57  6:45  SCV  
  57  6:51  Liberator  
  57  6:58  SCV  
  57  6:59  Cyclone  
  57  7:00  Cyclone  
  62  7:08  Cyclone  
  62  7:10  SCV  
  69  7:20  Factory Tech Lab  
  69  7:32  Cyclone  
Tags
 
Add a new tag
Caveats
  • Supply blocks, unpowered buildings, or Contaminate may cause inaccurate times.
  • Supply counts are checked every 10 seconds.